 Dungeon Crawl Stone Soup version 0.17.0-9-g801d43b (webtiles) character file.

23 HungrySpirit the Skirmisher (level 3, -3/36 HPs)
             Began as an Ogre Arcane Marksman on Nov 9, 2015.
             Slain by a kobold
             ... wielding a +0 short sword
              (5 damage)
             ... on level 1 of the Dungeon.
             The game lasted 00:01:30 (421 turns).

HungrySpirit the Skirmisher (Ogre Arcane Marksman)   Turns: 421, Time: 00:01:30

Health: -3/36      AC:  3    Str: 17    XL:     3   Next: 0%
Magic:  4/4        EV: 10    Int: 12    God:
Gold:   33         SH:  0    Dex:  9    Spells: 1 memorised, 3 levels left

rFire  . . .     SeeInvis .     g - +1 dagger (drain)
rCold  . . .     Clarity  .     c - +0 robe
rNeg   . . .     SustAt   .     (no shield)
rPois  .         Gourm    .     (helmet restricted)
rElec  .         Spirit   .     (no cloak)
rCorr  .         Warding  .     (gloves unavailable)
rMut   .         Stasis   .     (boots unavailable)
MR     +....                    (no amulet)
Stlth  +.........               (no ring)
                                i - ring of protection from magic

@: somewhat resistant to hostile enchantments, very unstealthy
A: unfitting armour, tough skin 1
a: no special abilities


You were on level 1 of the Dungeon.
You were not hungry.

You visited 1 branch of the dungeon, and saw 1 of its levels.

You collected 33 gold pieces.

Inventory:

Hand Weapons
 g - a +1 dagger of draining (weapon)
 l - a +0 whip
Armour
 c - a +0 robe (worn)
Jewellery
 i - a ring of protection from magic (left hand)
Scrolls
 f - a scroll of remove curse {unknown}
 h - a scroll of teleportation {unknown}
 j - 2 scrolls of identify {unknown}
 k - a scroll of fog {unknown}
 o - a scroll of fear {unknown}
 p - a scroll of noise {unknown}
Potions
 n - a potion of flight {unknown}
Books
 d - a book of Debilitation

   Spells                             Type                      Level
   a - Corona                         Hexes                        1
   b - Slow                           Hexes                        2
   c - Gell's Gravitas                Hexes/Translocation          3
   d - Inner Flame                    Hexes/Fire                   3
   e - Cause Fear                     Hexes                        4
   f - Leda's Liquefaction            Hexes/Earth                  4
Comestibles
 e - a bread ration
 m - 4 chunks of flesh


   Skills:
 - Level 2.8 Fighting
 * Level 1.8 Maces & Flails
 - Level 2.2 Throwing
 - Level 1.7 Dodging
 - Level 1.2 Spellcasting
 - Level 2.1 Hexes


You had 3 spell levels left.
You knew the following spells:

 Your Spells              Type           Power        Failure   Level  Hunger
a - Corona                Hex            #......      14%         1    ##.....


Dungeon Overview and Level Annotations

Branches:
Dungeon (1/15)

Altars:


Innate Abilities, Weirdness & Mutations

You are too large for most types of armour.
You have tough skin (AC +1).


Message History

You throw a throwing net. The throwing net misses the kobold.
You barely miss the kobold. The kobold hits you with a short sword.
* * * LOW HITPOINT WARNING * * *
You barely miss the kobold. The kobold hits you with a short sword.
* * * LOW HITPOINT WARNING * * *
You hit the kobold.
The kobold is moderately wounded.
The kobold hits you with a short sword.
* * * LOW HITPOINT WARNING * * *
You closely miss the kobold.
The kobold is moderately wounded.
The kobold hits you but does no damage.
You closely miss the kobold.
The kobold is moderately wounded.
The kobold hits you with a short sword.
* * * LOW HITPOINT WARNING * * *
You closely miss the kobold.
The kobold is moderately wounded.
The kobold hits you with a short sword.
You die...

#......# #......
#......# ### #......
#......######
#.###......
#...........#
#.s.sg.....
#......####.#
#.###.####+ #......#
#.# #####.# #..†#
######## #.# #.....#
###K#
#.####.#########....
#..@K.....(.......#.
#######.########...
#...........#.
###########... .# ..


You could see a kobold.

Vanquished Creatures
  6 bats (D:1)
  2 giant cockroaches (D:1)
  3 goblins (D:1)
  3 hobgoblins (D:1)
  3 kobolds (D:1)
  A ball python (D:1)
  A giant newt (D:1)
  A rat (D:1)
20 creatures vanquished.

Notes
Turn   | Place    | Note
--------------------------------------------------------------
     0 | D:1      | HungrySpirit the Ogre Arcane Marksman began the quest for the Orb.
     0 | D:1      | Reached XP level 1. HP: 19/19 MP: 2/2
   133 | D:1      | Reached XP level 2. HP: 29/29 MP: 3/3
   323 | D:1      | Reached skill level 1 in Maces & Flails
   414 | D:1      | Reached XP level 3. HP: 11/36 MP: 4/4
   421 | D:1      | Slain by a kobold

Action                   || total
-------------------------++-------
Melee: Dagger            ||    45
Throw: Large rock        ||    12
       Throwing net      ||     2
